Map: Jagannatha LE

Players

aisored

  • Race: Terran Terran
  • League: Silver
  • Spawn Location: 1:00

ViBE - Winner!

  • Race: Zerg Zerg
  • League: Silver
  • Spawn Location: 7:00

VOD

Have the link to the VOD?

Description

Time

  • Played on: March 11, 2021, 10:50 p.m.
  • Length: 13:48
Show
View Real Time Build Order
Export as new Build Order

aisored Terran 

Build Orders:  

Get SALT Encoding   

  12  0:01  SCV  
  13  0:16  Supply Depot  
  13  0:18  SCV  
  14  0:30  Supply Depot  
  14  0:35  SCV  
  15  0:47  Barracks  
  15  0:50  SCV  
  16  1:03  Barracks  
  16  1:07  SCV  
  17  1:17  Refinery  
  17  1:21  Refinery  
  17  1:22  SCV  
  18  1:34  SCV  
  19  1:42  Marine  
  19  1:46  SCV  
  21  1:55  Barracks Tech Lab  
  21  2:04  Supply Depot  
  21  2:07  Orbital Command  
  21  2:16  Engineering Bay  
  21  2:19  Marine  
  22  2:26  Marine, Supply Depot  
  22  2:28  Combat Shield  
  23  2:44  SCV  
  23  2:47  Marine x2  
  26  2:59  SCV  
  26  3:04  Marine x2  
  29  3:11  SCV, Refinery  
  30  3:22  Marine x2  
  30  3:23  SCV, Terran Infantry Weapons Level 1, Refinery  
  33  3:35  SCV  
  35  3:46  Marine  
  36  3:55  Barracks Reactor  
  35  3:59  SCV  
  36  4:12  SCV  
  36  4:14  Command Center  
  37  4:17  Marine  
  37  4:22  Stimpack  
  38  4:25  SCV  
  39  4:33  Marine x2  
  39  4:35  Marine  
  39  4:37  SCV  
  43  4:42  Factory  
  43  4:50  Marine  
  43  4:51  Marine  
  45  4:52  Marine  
  46  5:04  SCV  
  47  5:08  Marine x2  
  47  5:10  Marine  
  50  5:16  SCV  
  50  5:18  Terran Infantry Armor Level 1  
  51  5:28  SCV  
  52  5:29  Factory Tech Lab  
  52  5:31  Missile Turret  
  52  5:40  Starport  
  52  5:44  Orbital Command  
  52  5:46  SCV  
  53  5:58  Missile Turret  
  53  6:01  Marine  
  53  6:02  Marine x2  
  53  6:04  SCV  
  57  6:07  Siege Tank  
  57  6:10  SCV  
  61  6:19  Starport Reactor  
  61  6:24  Starport  
  61  6:29  Marine x3  
  64  6:39  SCV x2  
  66  6:42  Missile Turret  
  66  6:45  Siege Tank  
  66  6:46  Marine  
  70  7:10  Starport Tech Lab  
  70  7:15  Starport Reactor  
  70  7:26  Missile Turret  
  70  8:04  Armory  
  70  8:28  Supply Depot  
  70  8:29  Supply Depot  
  70  8:30  Supply Depot  
  70  8:32  Supply Depot  
  70  8:50  SCV, Siege Tank, Viking x2  
  70  8:51  SCV, Marine x3, Viking x2, Missile Turret  
  70  8:52  Missile Turret x2  
  70  8:53  Missile Turret  
  86  9:00  Terran Vehicle And Ship Armor Level 1  
  86  9:02  SCV  
  87  9:03  SCV  
  87  9:09  Marine x3  
  91  9:14  SCV  
  91  9:15  SCV  
  93  9:20  Viking x2  
  93  9:21  Viking x2  
  101  9:35  Missile Turret  
  101  9:39  Refinery  
  101  9:41  Refinery  
  101  9:42  Missile Turret  
  101  9:46  Siege Tank  
  101  9:50  Viking x2  
  101  9:51  Supply Depot, Viking  
  110  9:53  Supply Depot  
  110  9:54  Missile Turret  
  110  10:01  Missile Turret  
  110  10:04  Missile Turret  
  110  10:05  Missile Turret  
  110  10:06  SCV x2, Marine x3, Viking  
  117  10:13  Supply Depot  
  117  10:18  SCV x2  
  117  10:20  Viking x2  
  117  10:21  Viking, Missile Turret  
  125  10:25  Missile Turret  
  125  10:36  Viking  
  127  10:49  Viking x2  
  127  10:53  Command Center, Missile Turret  
  127  10:54  SCV x2  
  127  10:55  Terran Ship Weapons Level 1  
  127  10:56  Marine x3  
  136  11:24  Viking  
  136  11:25  Viking x3  
  144  11:30  Marine  
  144  11:31  Marine x2  
  115  11:42  Siege Tank  
  85  11:48  Marine x2  
  75  11:54  Medivac  
  64  12:14  Siege Tank  
  32  12:41  Liberator x3  
  32  12:42  Liberator  
  38  12:46  Siege Tank  
  32  13:06  Barracks  
Show
View Real Time Build Order
Export as new Build Order

ViBE Zerg - Winner!

Build Orders: Hatch First 

Get SALT Encoding   

  12  0:02  Drone  
  13  0:13  Overlord  
  13  0:22  Drone  
  14  0:33  Drone x2  
  16  0:54  Hatchery  
  15  0:57  Drone  
  15  0:59  Drone  
  15  1:04  Drone  
  18  1:19  Spawning Pool  
  18  1:20  Drone  
  18  1:24  Drone  
  19  1:32  Drone  
  20  1:35  Extractor  
  19  1:48  Overlord  
  19  2:04  Drone x2  
  21  2:10  Drone  
  22  2:16  Drone  
  22  2:17  Queen x2  
  27  2:24  Spine Crawler  
  27  2:25  Drone  
  27  2:26  Drone  
  28  2:40  Overlord  
  28  2:42  Drone x2  
  30  2:53  Overlord  
  30  3:01  Drone x3  
  30  3:03  Lair  
  33  3:11  Drone x2  
  35  3:21  Overlord  
  35  3:26  Drone  
  36  3:30  Drone x4  
  36  3:33  Drone x3  
  43  3:38  Roach Warren  
  43  3:40  Evolution Chamber  
  41  3:41  Drone  
  41  3:46  Extractor  
  41  3:48  Extractor, Drone x2  
  42  3:51  Queen  
  44  3:55  Drone  
  44  4:02  Drone x2  
  47  4:03  Drone  
  47  4:04  Overlord x2  
  47  4:07  Zerg Missile Weapons Level 1  
  48  4:18  Glial Reconstitution  
  48  4:25  Roach x3  
  48  4:28  Roach, Hatchery  
  48  4:30  Roach  
  57  4:33  Roach  
  57  4:35  Roach  
  61  4:41  Queen  
  63  4:51  Overlord x2  
  63  5:05  Drone x5  
  68  5:15  Overlord  
  68  5:26  Drone x6  
  68  5:27  Drone x2  
  76  5:45  Drone x3  
  79  5:59  Drone  
  79  6:00  Evolution Chamber  
  79  6:05  Drone  
  79  6:06  Drone x9  
  89  6:12  Extractor, Hydralisk Den  
  87  6:29  Zerg Missile Weapons Level 2  
  87  6:30  Zerg Ground Armor Level 1  
  87  6:33  Extractor  
  87  6:35  Extractor  
  87  6:39  Drone  
  86  6:40  Drone x3  
  86  6:46  Overlord x7  
  89  6:49  Hatchery  
  88  6:55  Hydralisk x4  
  88  6:56  Hydralisk  
  98  7:06  Grooved Spines, Hydralisk  
  98  7:07  Hydralisk x3  
  106  7:20  Hydralisk  
  106  7:21  Hydralisk x3  
  114  7:36  Hydralisk x4  
  122  7:40  Overlord x3  
  122  8:04  Muscular Augments  
  122  8:07  Drone x10  
  132  8:21  Hatchery, Drone x8  
  139  8:30  Extractor x2  
  137  8:46  Drone  
  137  8:47  Drone x5  
  143  9:01  Hydralisk  
  143  9:02  Hydralisk x14  
  157  9:05  Infestation Pit  
  157  9:06  Extractor  
  157  9:07  Extractor  
  170  9:17  Hatchery  
  169  9:39  Overlord x2  
  169  9:42  Hive  
  169  9:47  Lurker Den  
  168  10:14  Zerg Ground Armor Level 2  
  168  10:16  Hydralisk  
  168  10:17  Hydralisk x15  
  200  10:58  Zerg Missile Weapons Level 3  
  200  11:01  Adaptive Talons  
  178  11:41  Hydralisk x15  
  178  11:42  Hydralisk  
  178  11:43  Hydralisk x2  
  196  11:58  Seismic Spines  
  160  12:25  Hydralisk  
  160  12:26  Hydralisk x20  
  198  12:32  Hatchery  
  189  13:00  Drone  
  189  13:01  Drone x3  
Tags
 
Matchup
TvZ
Player
ViBE
Spawn Locations
Cross Positions
Add a new tag
Caveats
  • Supply blocks, unpowered buildings, or Contaminate may cause inaccurate times.
  • Supply counts are checked every 10 seconds.